 Dungeon Crawl Stone Soup version 0.28.0-47-ge53b351184 (console) character file.

Game seed: 2232062440542040742

14 Cab the Skirmisher (level 2, 0/24 HPs)
             Began as a Demonspawn Fighter on May 3, 2022.
             Slain by a gnoll
             ... wielding a +0 club
              (3 damage)
             ... on level 1 of the Dungeon.
             The game lasted 00:00:50 (339 turns).

Cab the Skirmisher (Demonspawn Fighter)              Turns: 339, Time: 00:00:51

Health: 0/24       AC:  6    Str: 16    XL:     2   Next: 31%
Magic:  2/2        EV:  8    Int:  9    God:
Gold:   0          SH:  4    Dex: 12    Spells: 1/1 levels left

rFire   . . .      SeeInvis .   a - +0 war axe
rCold   . . .      Faith    .   c - +0 buckler
rNeg    . . .      Spirit   .   b - +0 scale mail
rPois   .          Reflect  .   (no helmet)
rElec   .          Harm     .   (no cloak)
rCorr   .          Rampage  .   (no gloves)
Will    .....                   (no boots)
Stlth   ..........              (no amulet)
HPRegen 0.08/turn               (no ring)
MPRegen 0.08/turn               (no ring)

@: no status effects
A: demonic magic 1
a: no special abilities


You were on level 1 of the Dungeon.
You visited 1 branch of the dungeon, and saw 1 of its levels.

Inventory:

Hand Weapons
 a - a +0 war axe (weapon)
Armour
 b - a +0 scale mail (worn)
 c - a +0 buckler (worn)
Scrolls
 e - a scroll of teleportation {unknown}
Potions
 d - a potion of might


   Skills:
 - Level 3.0 Fighting
 + Level 2.7 Axes
 - Level 2.6 Armour
 - Level 2.6 Shields


You had one spell level left.
You didn't know any spells.
Your spell library was empty.

Dungeon Overview and Level Annotations

Branches:
Dungeon (1/15)

Altars:


Innate Abilities, Weirdness & Mutations

Spells you cast may paralyse adjacent enemies.


Message History

You are too injured to fight recklessly!
You are too injured to fight recklessly!
You are too injured to fight recklessly!
You are too injured to fight recklessly!
You are too injured to fight recklessly!
You are too injured to fight recklessly!
You are too injured to fight recklessly!
You are too injured to fight recklessly!
You are too injured to fight recklessly!
You are too injured to fight recklessly!
You are too injured to fight recklessly!
You are too injured to fight recklessly!
You are too injured to fight recklessly!
Unknown command.
You are too injured to fight recklessly!
Unknown command.
You are too injured to fight recklessly!
Unknown command.
You are too injured to fight recklessly!
Unknown command.
You closely miss the kobold. You hit the gnoll but do no damage.
You hit the dart slug. You block the gnoll's attack.
The kobold hits you but does no damage. The gnoll closely misses you.
The kobold completely misses you. The dart slug launches a dart at you.
The slug dart hits you but does no damage.
Unknown command.
You barely miss the kobold. You hit the gnoll but do no damage.
You hit the dart slug. The gnoll hits you with a +0 club.
* * * LOW HITPOINT WARNING * * *
The kobold hits you but does no damage. The dart slug completely misses you.
You hit the gnoll but do no damage.
The gnoll is moderately wounded.
You hit the kobold but do no damage. You hit the dart slug.
You kill the dart slug!
The gnoll closely misses you.
The kobold hits you with a +0 short sword.
* * * LOW HITPOINT WARNING * * *
The gnoll hits you with a +0 club.
You die...

▒∙∙∙∙▒∙▒∙▒▒∙▒ ▒∙∙∙∙▒∙∙∙∙∙▒∙
▒∙∙∙∙▒∙▒∙▒▒∙▒ ▒∙∙∙∙▒▒▒▒▒∙▒∙
▒∙∙∙∙▒∙▒∙▒▒∙▒ ▒∙∙∙∙▒ ▒∙▒∙
▒∙∙∙∙▒∙∙∙▒▒∙▒ ▒▒▒∙▒▒▒▒▒▒∙▒∙
▒∙∙∙∙▒▒∙∙▒▒∙▒ ▒∙∙∙∙∙∙∙∙∙∙
▒∙∙∙∙▒▒∙∙▒▒∙▒▒▒▒▒▒▒▒▒▒▒▒▒▒▒▒∙▒∙
■∙∙∙∙∙∙▒∙▒▒∙∙∙∙∙∙∙∙∙∙∙ ▒∙▒∙
▒∙∙∙∙▒∙▒∙▒▒∙∙∙∙J∙∙∙∙∙∙ ▒∙▒∙
▒∙∙∙∙▒∙▒∙▒▒∙∙∙@K∙∙∙∙∙∙ ▒∙▒∙
▒∙∙∙∙▒∙▒>▒∙∙∙∙∙g∙∙∙∙∙∙ ▒∙▒∙
▒▒▒∙∙∙∙▒∙▒∙▒∙▒∙∙∙∙∙∙∙∙∙∙ ▒∙▒∙
∙∙∙∙∙∙∙▒∙▒∙▒^▒▒∙▒▒▒▒▒▒▒∙ ▒∙▒∙
▒▒▒▒▒▒▒▒∙∙∙▒∙ ▒∙▒ ▒∙▒∙ ▒▒▒ ▒∙
▒∙▒ ▒∙▒∙ ▒∙▒ ▒∙▒∙ ▒∙▒ ▒∙▒% ▒∙▒∙


You could see a gnoll, an endoplasm and a kobold.

Vanquished Creatures
  A dart slug (D:1)
  An endoplasm (D:1)
  A giant cockroach (D:1)
  A hobgoblin (D:1)
  3 jackals (D:1)
  3 quokkas (D:1)
  A bat (D:1)
  A frilled lizard (D:1)
  A rat (D:1)
13 creatures vanquished.

Notes
Turn   | Place    | Note
-------+----------+-------------------------------------------
     0 | D:1      | Cab the Demonspawn Fighter began the quest for the Orb.
     0 | D:1      | Reached XP level 1. HP: 18/18 MP: 1/1
    71 | D:1      | Found a faded altar of an unknown god.
   100 | D:1      | Gained mutation: Spells you cast may paralyse adjacent
                  | enemies. [demonic ancestry]
   100 | D:1      | Reached XP level 2. HP: 19/24 MP: 2/2
   339 | D:1      | Slain by a gnoll

Illustrated notes

Levels and vault maps discovered:
D:1:      shiori_shiawase, layout_basic, hellmonk_ecumenical_altar_dog_temple,
          columned_hall_lemuel

Skill      XL: |  1 |
---------------+----+-----
Axes           | 2 |  2.7
Fighting       | |  3.0
Armour         | |  2.6
Shields        | |  2.6

Action                   || total
-------------------------++-------
Melee: War axe           ||    28
Armor: Scale mail        ||    17
Dodge: Dodged            ||    18
Block: Buckler           ||     6
